| TOP OF THE 1ST |
|
Houston Colt .45's batting - Pitching for Tijuana Toros : LHP Norm Yeo
|
|
Pitching: LHP Norm Yeo
|
|
|
Batting: RHB Josh Reisner
|
0-0: Called Strike 0-1: Ground out 4-3 (Groundball, 4, EV 88.1 MPH)
|
|
Batting: RHB Jamie Walker
|
0-0: Ball 1-0: Foul Ball, location: 2F 1-1: Ball 2-1: Ball 3-1: Base on Balls
|
|
Batting: RHB Patrick Pinault
|
0-0: Called Strike Jamie Walker steals 2nd base 0-1: Foul Ball, location: 2F 0-2: Foul Ball, location: 2F 0-2: Strikes out looking
|
|
Batting: RHB Bill Borden
|
0-0: Ball 1-0: Called Strike 1-1: Ball 2-1: Called Strike 2-2: Strikes out swinging
|
| Top of the 1st over - 0 runs, 0 hits, 0 errors, 1 left on base; Houston 0 - Tijuana 0 |
| BOTTOM OF THE 1ST |
|
Tijuana Toros batting - Pitching for Houston Colt .45's : LHP Chase Smith
|
|
Pitching: LHP Chase Smith
|
|
|
Batting: SHB Erick Hamburger
|
0-0: Bunted foul 0-1: Ball 1-1: Foul Ball, location: 2F 1-2: Fly out, F7 (Flyball, 7D, EV 103.1 MPH)
|
|
Batting: RHB Guo Kwok
|
0-0: Ball 1-0: Swinging Strike 1-1: Foul Ball, location: 2F 1-2: Strikes out swinging
|
|
Batting: RHB Shiki Nomoto
|
0-0: Ball 1-0: Called Strike 1-1: SINGLE (Line Drive, 78S, EV 93.1 MPH)
|
|
Batting: RHB John Hanson
|
0-0: Ball 1-0: SINGLE (Line Drive, 7S, EV 105.0 MPH) Shiki Nomoto to second
|
|
Batting: RHB Tan-ming Kwan
|
0-0: Ball 1-0: Swinging Strike 1-1: Foul Ball, location: 2F 1-2: Foul Ball, location: 2F 1-2: Foul Ball, location: 2F 1-2: Strikes out swinging
|
| Bottom of the 1st over - 0 runs, 2 hits, 0 errors, 2 left on base; Houston 0 - Tijuana 0 |
| TOP OF THE 2ND |
|
Houston Colt .45's batting - Pitching for Tijuana Toros : LHP Norm Yeo
|
|
Batting: LHB Bert Middleton
|
0-0: Ball 1-0: Ball 2-0: Foul Ball, location: 2F 2-1: Swinging Strike 2-2: Foul Ball, location: 2F 2-2: Strikes out swinging
|
|
Batting: RHB Arnold Schuler
|
0-0: Ball 1-0: Foul Ball, location: 2F 1-1: Ground out 6-3 (Groundball, 56, EV 87.5 MPH)
|
|
Batting: RHB Jarno van Lente
|
0-0: Called Strike 0-1: Foul Ball, location: 2F 0-2: Ball 1-2: Ball 2-2: Ball 3-2: Foul Ball, location: 2F 3-2: Fly out, F7 (Flyball, 7LS, EV 90.6 MPH)
|
| Top of the 2nd over - 0 runs, 0 hits, 0 errors, 0 left on base; Houston 0 - Tijuana 0 |
| BOTTOM OF THE 2ND |
|
Tijuana Toros batting - Pitching for Houston Colt .45's : LHP Chase Smith
|
|
Batting: RHB Jerry Afghani
|
0-0: Ball 1-0: Called Strike 1-1: Called Strike 1-2: SINGLE (Groundball, 34, EV 105.0 MPH)
|
|
Batting: RHB Yok-sing Zhào
|
0-0: Called Strike 0-1: Called Strike Jerry Afghani steals 2nd base 0-2: Ball Wild Pitch! Jerry Afghani to third 1-2: Ball 2-2: Ball 3-2: Foul Ball, location: 2F 3-2: SINGLE (Groundball, 6S, EV 68.8 MPH) (infield hit) Jerry Afghani scores
|
|
Batting: RHB Gaylord Wray
|
0-0: Ball Passed Ball! Yok-sing Zhào to second 1-0: Foul Ball, location: 2F 1-1: Fly out, F9 (Line Drive, 89M, EV 92.5 MPH)
|
|
Batting: LHB Gerardo Arriaga
|
0-0: Swinging Strike 0-1: Swinging Strike 0-2: Foul Ball, location: 2F 0-2: Strikes out swinging
|
|
Batting: SHB Erick Hamburger
|
0-0: Called Strike 0-1: Foul Ball, location: 2F 0-2: Ball Passed Ball! Yok-sing Zhào to third 1-2: Ground out 6-3 (Groundball, 6S, EV 63.1 MPH)
|
| Bottom of the 2nd over - 1 run, 2 hits, 0 errors, 1 left on base; Houston 0 - Tijuana 1 |
| TOP OF THE 3RD |
|
Houston Colt .45's batting - Pitching for Tijuana Toros : LHP Norm Yeo
|
|
Batting: LHB Casper Significant
|
0-0: Ball 1-0: Swinging Strike 1-1: Ball 2-1: Ball 3-1: Fly out, F9 (Flyball, 9, EV 88.1 MPH)
|
|
Batting: RHB Jesus Diego
|
0-0: Foul Ball, location: 2F 0-1: Ball 1-1: Ground out 6-3 (Groundball, 56, EV 80.0 MPH)
|
|
Batting: RHB Josh Reisner
|
0-0: Ball 1-0: Ground out 6-3 (Groundball, 6, EV 78.8 MPH)
|
| Top of the 3rd over - 0 runs, 0 hits, 0 errors, 0 left on base; Houston 0 - Tijuana 1 |
| BOTTOM OF THE 3RD |
|
Tijuana Toros batting - Pitching for Houston Colt .45's : LHP Chase Smith
|
|
Batting: RHB Guo Kwok
|
0-0: Foul Ball, location: 2F 0-1: Ball 1-1: Foul Ball, location: 2F 1-2: Strikes out swinging
|
|
Batting: RHB Shiki Nomoto
|
0-0: Ball 1-0: Foul Ball, location: 2F 1-1: Ball 2-1: Ball 3-1: Fly out, F8 (Flyball, 89M, EV 85.0 MPH)
|
|
Batting: RHB John Hanson
|
0-0: Swinging Strike 0-1: Ball 1-1: Foul Ball, location: 2F 1-2: Ball 2-2: Strikes out swinging
|
| Bottom of the 3rd over - 0 runs, 0 hits, 0 errors, 0 left on base; Houston 0 - Tijuana 1 |
| TOP OF THE 4TH |
|
Houston Colt .45's batting - Pitching for Tijuana Toros : LHP Norm Yeo
|
|
Batting: RHB Jamie Walker
|
0-0: Foul Ball, location: 5F, Error on foul ball, E5 0-1: Ground out 5-3 (Groundball, 56S, EV 65.0 MPH)
|
|
Batting: RHB Patrick Pinault
|
0-0: Called Strike 0-1: Ball 1-1: Called Strike 1-2: SINGLE (Groundball, 34D, EV 101.2 MPH)
|
|
Batting: RHB Bill Borden
|
0-0: Swinging Strike 0-1: SINGLE (Groundball, 6D, EV 104.4 MPH) Patrick Pinault to second
|
|
Batting: LHB Bert Middleton
|
0-0: Ball 1-0: Ball 2-0: SINGLE (Line Drive, 78S, EV 108.1 MPH) Patrick Pinault to third Bill Borden to second Runner from 3rd tries for Home, throw by LF and OUT! 7-2
|
|
Batting: RHB Arnold Schuler
|
0-0: Fielders Choice at 2nd, 6-4 (Groundball, 6, EV 108.1 MPH)
|
| Top of the 4th over - 0 runs, 3 hits, 1 error, 2 left on base; Houston 0 - Tijuana 1 |
| BOTTOM OF THE 4TH |
|
Tijuana Toros batting - Pitching for Houston Colt .45's : LHP Chase Smith
|
|
Batting: RHB Tan-ming Kwan
|
0-0: Swinging Strike 0-1: Ground out 4-3 (Groundball, 4, EV 89.4 MPH)
|
|
Batting: RHB Jerry Afghani
|
0-0: Ball 1-0: Ground out 1-3 (Groundball, 34S, EV 69.4 MPH)
|
|
Batting: RHB Yok-sing Zhào
|
0-0: Ground out 3-1 (Groundball, 34, EV 85.0 MPH)
|
| Bottom of the 4th over - 0 runs, 0 hits, 0 errors, 0 left on base; Houston 0 - Tijuana 1 |
| TOP OF THE 5TH |
|
Houston Colt .45's batting - Pitching for Tijuana Toros : LHP Norm Yeo
|
|
Batting: RHB Jarno van Lente
|
0-0: Foul Ball, location: 2F 0-1: Ball 1-1: Ground out 5-3 (Groundball, 56S, EV 68.8 MPH)
|
|
Batting: LHB Casper Significant
|
0-0: Foul Ball, location: 2F 0-1: Swinging Strike 0-2: Fly out, F9 (Flyball, 9, EV 91.9 MPH)
|
|
Batting: RHB Jesus Diego
|
0-0: Swinging Strike 0-1: Swinging Strike 0-2: Strikes out swinging
|
| Top of the 5th over - 0 runs, 0 hits, 0 errors, 0 left on base; Houston 0 - Tijuana 1 |
| BOTTOM OF THE 5TH |
|
Tijuana Toros batting - Pitching for Houston Colt .45's : LHP Chase Smith
|
|
Batting: RHB Gaylord Wray
|
0-0: Called Strike 0-1: Foul Ball, location: 2F 0-2: Ball 1-2: Foul Ball, location: 2F 1-2: Ball 2-2: Ball 3-2: Strikes out looking
|
|
Batting: LHB Gerardo Arriaga
|
0-0: Fly out, F9 (Flyball, 9, EV 94.4 MPH)
|
|
Batting: SHB Erick Hamburger
|
0-0: Bunt for hit to 3S - play at first, batter safe!
|
|
Batting: RHB Guo Kwok
|
0-0: Foul Ball, location: 2F 0-1: Ball 1-1: Ball 2-1: SINGLE (Line Drive, 6MD, EV 98.8 MPH) Erick Hamburger to second Runner from 2nd tries for 3rd, SAFE, throw by CF made to third
|
|
Batting: RHB Shiki Nomoto
|
0-0: Foul Ball, location: 2F 0-1: Foul Ball, location: 2F 0-2: Ball 1-2: Foul Ball, location: 2F 1-2: Foul Ball, location: 2F 1-2: Ball 2-2: Fielders Choice at 2nd, 6-4 (Groundball, 6, EV 86.9 MPH)
|
| Bottom of the 5th over - 0 runs, 2 hits, 0 errors, 2 left on base; Houston 0 - Tijuana 1 |
| TOP OF THE 6TH |
|
Houston Colt .45's batting - Pitching for Tijuana Toros : LHP Norm Yeo
|
|
Batting: RHB Josh Reisner
|
0-0: SINGLE (Groundball, 6M, EV 108.8 MPH)
|
|
Batting: RHB Jamie Walker
|
0-0: SINGLE (Groundball, 56D, EV 100.0 MPH) Josh Reisner to second
|
|
Batting: RHB Patrick Pinault
|
0-0: Ball 1-0: Grounds into double play, 5-4-3 (Groundball, 5S, EV 87.5 MPH) Josh Reisner to third
|
|
Pinch Hitting: LHB Guadalupe Gonzalez
|
0-0: Swinging Strike 0-1: Swinging Strike 0-2: Foul Ball, location: 2F 0-2: Strikes out looking
|
| Top of the 6th over - 0 runs, 2 hits, 0 errors, 1 left on base; Houston 0 - Tijuana 1 |
| BOTTOM OF THE 6TH |
|
Tijuana Toros batting - Pitching for Houston Colt .45's : LHP Chase Smith
|
|
Now in CF: Guadalupe Gonzalez
|
|
|
Batting: RHB John Hanson
|
0-0: Ball 1-0: Fly out, F5 (Line Drive, 5, EV 71.2 MPH)
|
|
Batting: RHB Tan-ming Kwan
|
0-0: SINGLE (Line Drive, 4MD, EV 101.9 MPH)
|
|
Batting: RHB Jerry Afghani
|
0-0: Foul Ball, location: 2F 0-1: Called Strike 0-2: Ball 1-2: Ball 2-2: Ball 3-2: Fly out, F7 (Flyball, 78S, EV 91.2 MPH)
|
|
Batting: RHB Yok-sing Zhào
|
0-0: Ball 1-0: Ball Passed Ball! Tan-ming Kwan to second 2-0: SINGLE (Groundball, 6MD, EV 94.4 MPH) Tan-ming Kwan to third Runner from 3rd tries for Home, SAFE, throw by CF to home
|
|
Batting: RHB Gaylord Wray
|
0-0: Called Strike 0-1: Called Strike 0-2: Strikes out looking
|
| Bottom of the 6th over - 1 run, 2 hits, 0 errors, 1 left on base; Houston 0 - Tijuana 2 |
| TOP OF THE 7TH |
|
Houston Colt .45's batting - Pitching for Tijuana Toros : LHP Norm Yeo
|
|
Batting: LHB Bert Middleton
|
0-0: Ball 1-0: Called Strike 1-1: Ball 2-1: Ball 3-1: Base on Balls
|
|
Batting: RHB Arnold Schuler
|
0-0: Ball 1-0: Ball 2-0: Ball 3-0: Called Strike 3-1: Bunt missed! 3-2: Foul Ball, location: 2F 3-2: Foul Ball, location: 2F 3-2: Strikes out looking
|
|
Batting: RHB Jarno van Lente
|
0-0: 2-RUN HOME RUN (Flyball, 7D, EV 100.0 MPH), Distance : 384 ft
|
|
Batting: LHB Casper Significant
|
0-0: Called Strike 0-1: Ball 1-1: Swinging Strike 1-2: Strikes out swinging
|
|
Batting: RHB Jesus Diego
|
0-0: Ball 1-0: Called Strike 1-1: Fly out, F9 (Line Drive, 9LM, EV 89.4 MPH)
|
| Top of the 7th over - 2 runs, 1 hit, 0 errors, 0 left on base; Houston 2 - Tijuana 2 |
| BOTTOM OF THE 7TH |
|
Tijuana Toros batting - Pitching for Houston Colt .45's : LHP Chase Smith
|
|
Pinch Hitting: RHB Jaylen North
|
0-0: Ball 1-0: Called Strike 1-1: Foul Ball, location: 2F 1-2: Strikes out looking
|
|
Batting: SHB Erick Hamburger
|
0-0: Fly out, F9 (Flyball, 9LMF, EV 80.0 MPH)
|
|
Batting: RHB Guo Kwok
|
0-0: SINGLE (Groundball, 6MD, EV 93.8 MPH)
|
|
Batting: RHB Shiki Nomoto
|
0-0: Called Strike 0-1: Fly out, F8 (Flyball, 8LD, EV 101.9 MPH)
|
| Bottom of the 7th over - 0 runs, 1 hit, 0 errors, 1 left on base; Houston 2 - Tijuana 2 |
| TOP OF THE 8TH |
|
Houston Colt .45's batting - Pitching for Tijuana Toros : LHP Norm Yeo
|
|
Pitching: RHP Chris Moody
|
|
|
Now in RF: Luis Diaz
|
|
|
Pinch Hitting: LHB Ryan Fridley
|
0-0: Ball 1-0: Ball 2-0: Ball 3-0: Base on Balls
|
|
Pinch Hitting: RHB Leo Lopez
|
0-0: DOUBLE (Line Drive, 89D, EV 106.9 MPH) Ryan Fridley to third
|
|
Batting: RHB Patrick Pinault
|
0-0: Intentional Walk
|
|
Pitching: RHP Jeremy Pollom
|
|
|
Batting: LHB Guadalupe Gonzalez
|
0-0: Ball 1-0: Ball Wild Pitch! Ryan Fridley scores Leo Lopez to third Patrick Pinault to second 2-0: Fly out, F9 (Flyball, 9, EV 92.5 MPH)
|
|
Batting: LHB Bert Middleton
|
0-0: Ball 1-0: Foul Ball, location: 2F 1-1: SINGLE (Groundball, 6D, EV 100.6 MPH) Leo Lopez scores Patrick Pinault to third Runner from 3rd tries for Home, throw by CF and OUT! 8-2
|
|
Batting: RHB Arnold Schuler
|
0-0: Foul Ball, location: 2F 0-1: Ball 1-1: Foul Ball, location: 2F 1-2: Foul Ball, location: 2F 1-2: Fly out, F7 (Line Drive, 78M, EV 105.6 MPH)
|
| Top of the 8th over - 2 runs, 2 hits, 0 errors, 1 left on base; Houston 4 - Tijuana 2 |
| BOTTOM OF THE 8TH |
|
Tijuana Toros batting - Pitching for Houston Colt .45's : LHP Chase Smith
|
|
Now in LF: Ryan Fridley
|
|
|
Now in CF: Gong Tow
|
|
|
Now in RF: Guadalupe Gonzalez
|
|
|
Batting: RHB John Hanson
|
0-0: SINGLE (Line Drive, 7S, EV 96.9 MPH)
|
|
Batting: RHB Tan-ming Kwan
|
0-0: Ball Passed Ball! John Hanson to second 1-0: Called Strike 1-1: Ball 2-1: Foul Ball, location: 2F 2-2: Strikes out swinging
|
|
Pitching: RHP Kenyu Tanaka
|
|
|
Batting: RHB Jerry Afghani
|
0-0: Ball 1-0: Ball 2-0: Foul Ball, location: 2F 2-1: Foul Ball, location: 2F 2-2: Strikes out looking
|
|
Batting: RHB Yok-sing Zhào
|
0-0: Ball 1-0: Ball 2-0: Ball 3-0: Called Strike 3-1: Foul Ball, location: 2F 3-2: Foul Ball, location: 2F 3-2: Ground out 4-3 (Groundball, 4, EV 103.1 MPH)
|
| Bottom of the 8th over - 0 runs, 1 hit, 0 errors, 1 left on base; Houston 4 - Tijuana 2 |
| TOP OF THE 9TH |
|
Houston Colt .45's batting - Pitching for Tijuana Toros : RHP Jeremy Pollom
|
|
Batting: RHB Jarno van Lente
|
0-0: Foul Ball, location: 2F 0-1: Ball 1-1: Foul Ball, location: 2F 1-2: Ball 2-2: SINGLE (Groundball, 56D, EV 107.5 MPH)
|
|
Batting: LHB Casper Significant
|
0-0: Reached on error, E1 (Groundball, 13, EV 43.8 MPH) Jarno van Lente to third
|
|
Batting: RHB Jesus Diego
|
0-0: Intentional Walk
|
|
Batting: LHB Ryan Fridley
|
0-0: Ball 1-0: Foul Ball, location: 2F 1-1: Fly out, F8 (Line Drive, 8RM, EV 94.4 MPH) Runner from 3rd tags up, SCORES, no throw by CF
|
|
Batting: LHB Gong Tow
|
0-0: Ball 1-0: Called Strike 1-1: Ball 2-1: Foul Ball, location: 2F 2-2: Ball 3-2: DOUBLE (Line Drive, 78M, EV 95.0 MPH) Casper Significant scores Jesus Diego to third Runner from 3rd tries for Home, SAFE, no throw by LF
|
|
Pitching: RHP Chris Nightingale
|
|
|
Batting: RHB Patrick Pinault
|
0-0: Ball 1-0: Reached on error, E6 (Groundball, 56D, EV 97.5 MPH) Gong Tow scores
|
|
Pitching: RHP Juan Serrano
|
|
|
Batting: LHB Guadalupe Gonzalez
|
0-0: Called Strike 0-1: Ball 1-1: Called Strike 1-2: Foul Ball, location: 2F 1-2: Ball 2-2: Strikes out swinging
|
|
Batting: LHB Bert Middleton
|
0-0: Foul Ball, location: 2F 0-1: Called Strike 0-2: Ball 1-2: Hit by Pitch
|
|
Pinch Runner at 1st Bob Neale:
|
|
|
Batting: RHB Arnold Schuler
|
0-0: Called Strike 0-1: Foul Ball, location: 2F 0-2: Ball 1-2: Foul Ball, location: 2F 1-2: Strikes out swinging
|
| Top of the 9th over - 4 runs, 2 hits, 2 errors, 2 left on base; Houston 8 - Tijuana 2 |
| BOTTOM OF THE 9TH |
|
Tijuana Toros batting - Pitching for Houston Colt .45's : RHP Kenyu Tanaka
|
|
Now at 1B: Bob Neale
|
|
|
Pinch Hitting: RHB Will Barksdale
|
0-0: Called Strike 0-1: SOLO HOME RUN (Line Drive, 7D, EV 100.6 MPH), Distance : 400 ft
|
|
Pinch Hitting: RHB Tony Vasquez
|
0-0: Foul Ball, location: 2F 0-1: Ball 1-1: Ball 2-1: Ground out 6-3 (Groundball, 6, EV 87.5 MPH)
|
|
Batting: SHB Erick Hamburger
|
0-0: Swinging Strike 0-1: Ball 1-1: Ball 2-1: Called Strike 2-2: Fly out, F9 (Flyball, 89S, EV 91.9 MPH)
|
|
Batting: RHB Guo Kwok
|
0-0: DOUBLE (Line Drive, 89D, EV 104.4 MPH)
|
|
Batting: RHB Shiki Nomoto
|
0-0: Ball 1-0: Ball 2-0: Called Strike 2-1: Ball 3-1: Ground out 6-3 (Groundball, 6, EV 82.5 MPH)
|
| Bottom of the 9th over - 1 run, 2 hits, 0 errors, 1 left on base; Houston 8 - Tijuana 3 |
|